 Dungeon Crawl Stone Soup version 0.32-a0-38-gb04dd89b9b (webtiles) character file.

Game seed: 2027775089996019782

537793 Atlas the Sorcerer (level 25, -6/166 HPs)
             Began as a Demonspawn Fire Elementalist on Jan 22, 2024.
             Was the Champion of Vehumet.
             Mangled by a titan (25 damage)
             ... on level 5 of the Vaults on Jan 24, 2024.
             The game lasted 02:49:26 (74235 turns).

Atlas the Sorcerer (Demonspawn Fire Elementalist)  Turns: 74235, Time: 02:49:26

Health: -6/166     AC: 21    Str:  8    XL:     25   Next: 16%
Magic:  8/59       EV: 24    Int: 23    God:    Vehumet [******]
Gold:   1845       SH: 19    Dex: 27    Spells: 18/68 levels left

rFire   + + +        m - +3 flail of Welfare {flame, rPois rF+++ rC++ Str-2 Int-3}
rCold   + . .        R - +2 kite shield {reflect}
rNeg    . . .        a - quicksilver dragon scales
rPois   +            G - +3 hat of Pondering {ponderous, Will+ MP+10 Int+5}
rElec   +            V - +2 cloak {Will+}
rCorr   +            (gloves unavailable)
SInv    +            I - +2 pair of boots
Will    ++++.        i - amulet of the Empire {RegenMP rF- Dex+3 SInv}
Stlth   ++++++       o - ring of Nuutes {Fire rElec rCorr Int-5 Dex+4}
HPRegen 0.47/turn    U - ring of the Hare {EV+10}
MPRegen 0.76/turn

%: reflection
@: mighty, studying 2 skills, slow
A: claws 3, thin skeletal structure 3, powered by pain 3, demonic magic 2,
corrupting presence 2, word of chaos
}: 2/15 runes: serpentine, barnacled
a: Word of Chaos, Renounce Religion


You were on level 5 of the Vaults.
You worshipped Vehumet.
Vehumet was exalted by your worship.
You visited 9 branches of the dungeon, and saw 43 of its levels.
You also visited: Ice Cave, Wizlab and Desolation.

You collected 6524 gold pieces.
You spent 4679 gold pieces at shops.

Inventory:

Hand Weapons
 m - the +3 flail of Welfare (weapon) {flame, rPois rF+++ rC++ Str-2 Int-3}
   (You found it on level 2 of the Dungeon)

   Str-2:     It affects your strength (-2).
   Int-3:     It affects your intelligence (-3).
   rF+++:     It renders you almost immune to fire.
   rC++:      It greatly protects you from cold.
   rPois:     It protects you from poison
Armour
 a - quicksilver dragon scales (worn)
 A - +2 acid dragon scales
 G - the +3 hat of Pondering (worn) {ponderous, Will+ MP+10 Int+5}
   (You took it off Gastronok on level 8 of the Dungeon)

   Int+5:     It affects your intelligence (+5).
   Will+:     It increases your willpower.
   MP+10:     It affects your magic capacity (+10).
 I - a +2 pair of boots (worn)
 R - a +2 kite shield of reflection (worn)
 S - the +1 cloak of Starlight {*Dazzle EV+4 Stlth--}
   (You found it in the Desolation of Salt)

   *Dazzle:   It may blind those who miss an attack against the wearer in melee
   combat.
   EV+4:      It affects your evasion (+4).
   Stlth--:   It makes you much less stealthy.
 V - a +2 cloak of willpower (worn)
Magical Staves
 g - the staff "Ucwin" {rF+ Tloc Fire}
   (You found it on level 5 of the Vaults)

   [staff of fire]

   Base accuracy: +5 Base damage: 5 Base attack delay: 1.2 This weapon's minimum
   attack delay (0.6) is reached at skill level 12.
   rF+:       It protects you from fire.
   Tloc:      It increases the power of your Translocations spells.
   Fire:      It increases the power of your Fire spells.
   It falls into the 'Staves' category.
   It is a one-handed weapon.
Jewellery
 e - an amulet of the acrobat
 i - the amulet of the Empire (around neck) {RegenMP rF- Dex+3 SInv}
   (You acquired it on level 4 of the Vaults)

   [amulet of magic regeneration]

   RegenMP:   It increases your rate of magic regeneration.
   Dex+3:     It affects your dexterity (+3).
   rF-:       It makes you vulnerable to fire.
   SInv:      It lets you see invisible.
 o - the ring of Nuutes (left claw) {Fire rElec rCorr Int-5 Dex+4}
   (You acquired it on level 2 of the Snake Pit)

   [ring of fire]

   Fire:      It enhances your fire magic.
   Int-5:     It affects your intelligence (-5).
   Dex+4:     It affects your dexterity (+4).
   rF+:       It protects you from fire.
   rC-:       It makes you vulnerable to cold.
   rElec:     It insulates you from electricity.
   rCorr:     It protects you from acid and corrosion.
 t - the ring "Seffoath" {rN+ Dex+6}
   (You took it off a deep elf zephyrmancer on level 3 of the Elven Halls)

   [ring of dexterity]

   Dex+6:     It affects your dexterity (+6).
   rN+:       It protects you from negative energy.
 K - a +4 ring of protection
 M - a ring of flight
 U - the ring of the Hare (right claw) {EV+10}
   (You found it on level 3 of the Lair of Beasts)

   [ring of evasion]

   EV+10:     It affects your evasion (+10).
 Z - a ring of wizardry
Talismans
 Y - a talisman of death
Wands
 b - a wand of roots (28)
 d - a wand of digging (44)
 s - a wand of mindburst (52)
 C - a wand of charming (38)
 Q - a wand of light (13)
Scrolls
 c - 9 scrolls of noise
 k - a scroll of vulnerability
 n - 6 scrolls of teleportation
 q - 4 scrolls of brand weapon
 u - 3 scrolls of amnesia
 B - 4 scrolls of revelation
 E - 3 scrolls of butterflies
 N - 20 scrolls of identify
 P - 6 scrolls of fear
 T - 4 scrolls of fog
Potions
 f - a potion of resistance
 j - 4 potions of cancellation
 l - 4 potions of might
 p - 3 potions of lignification
 r - 18 potions of curing
 v - a potion of magic
 w - 5 potions of brilliance
 x - 11 potions of haste
 z - 12 potions of mutation
 D - 11 potions of enlightenment
 F - 5 potions of berserk rage
 H - 2 potions of invisibility
 J - 9 potions of attraction
 O - 6 potions of ambrosia
Miscellaneous
 h - a phial of floods
 L - a phantom mirror
 W - a sack of spiders
 X - a condenser vane


   Skills:
 + Level 6.5 Fighting
 + Level 5.4 Maces & Flails
 + Level 7.4 Armour
 + Level 7.4 Dodging
 - Level 5.0 Stealth
 - Level 17.5 Shields
 + Level 0.8 Unarmed Combat
 + Level 22.2 Spellcasting
 + Level 19.0 Conjurations
 + Level 16.5 Fire Magic
 + Level 1.3 Air Magic
 + Level 14.0 Earth Magic
 + Level 2.0 Alchemy
 + Level 0.9 Evocations


You had 18 spell levels left.
You knew the following spells:

 Your Spells              Type           Power      Damage    Failure   Level
a - Scorch                Fire           100%       2d9       0%          2
b - Foxfire               Conj/Fire      100%       2x1d9     0%          1
c - Flame Wave            Conj/Fire      100%       2d21      1%          4
d - Stone Arrow           Conj/Erth      100%       3d13      1%          3
e - Mephitic Cloud        Conj/Alch/Air  56%        N/A       1%          3
f - Fireball              Conj/Fire      51%        3d20      1%          5
g - Fire Storm            Conj/Fire      51%        8d13      78%         9
h - Spellforged Servitor  Conj/Summ      31%        N/A       32%         7
i - Ignition              Fire           50%        3d14      17%         8
j - Maxwell's Capacitive  Air            15%        ∞         100%        8

Your spell library contained the following spells:

 Spells                   Type           Power      Damage    Failure   Level
 Lehudib's Crystal Spear  Conj/Erth      39%        10d10     17%         8
 Shatter                  Erth           37%        3d29*     99%         9
 Magic Dart               Conj           100%       1d8       0%          1
 Searing Ray              Conj           100%       2d8       0%          2
 Sandblast                Erth           100%       2d20      1%          1
 Shock                    Conj/Air       100%       1d9       1%          1
 Sting                    Conj/Alch      100%       1d9       1%          1
 Mercury Vapours          Alch/Air       66%        N/A       1%          2
 Static Discharge         Conj/Air       100%       3-8/arc   1%          2
 Dazzling Flash           Conj/Hex       100%       N/A       1%          3
 Hailstorm                Conj/Ice       62%        3d11      1%          3
 Inner Flame              Hex/Fire       76%        N/A       1%          3
 Passwall                 Erth           74%        N/A       1%          3
 Volatile Blastmotes      Fire/Tloc      100%       2d18      1%          3
 Brom's Barrelling Bould  Conj/Erth      79%        2d9       1%          4
 Fulminant Prism          Conj/Alch      32%        3d16      1%          4
 Ignite Poison            Fire/Alch      80%        N/A       1%          4
 Iskenderun's Mystic Bla  Conj/Tloc      62%        2d13      1%          4
 Arcjolt                  Conj/Air       32%        1d42      1%          5
 Irradiate                Conj/Alch      32%        3d22      1%          5
 Iskenderun's Battlesphe  Conj           85%        2d13      1%          5
 Lee's Rapid Deconstruct  Erth           37%        3d18*     1%          5
 Bombard                  Conj/Erth      39%        9d7       1%          6
 Starburst                Conj/Fire      51%        6d14      1%          6
 Orb of Destruction       Conj           42%        9d12      1%          7
 Freeze                   Ice            100%       1d10      2%          1
 Summon Blazeheart Golem  Fire/Summ      77%        N/A       2%          4
 Leda's Liquefaction      Alch/Erth      29%        N/A       3%          4
 Freezing Cloud           Conj/Ice/Air   27%        6-21      4%          5
 Conjure Ball Lightning   Conj/Air       32%        3x3d10    5%          6
 Frozen Ramparts          Ice            50%        1d8       7%          3
 Cigotuvi's Dreadful Rot  Necr/Alch/Air  60%        N/A       8%          2
 Necrotise                Necr           100%       1d9       9%          1
 Summon Small Mammal      Summ           100%       N/A       9%          1
 Olgreb's Toxic Radiance  Alch           35%        N/A       10%         4
 Ensorcelled Hibernation  Hex/Ice        50%        N/A       13%         2
 Airstrike                Air            15%        2d(3-19)  13%         4
 Borgnjor's Vile Clutch   Necr/Erth      27%        N/A       13%         5
 Swiftness                Air            31%        N/A       14%         3
 Call Canine Familiar     Summ           25%        N/A       24%         3
 Fugue of the Fallen      Necr           25%        N/A       26%         3
 Tukima's Dance           Hex            25%        N/A       26%         3
 Vampiric Draining        Necr           25%        2d7       26%         3
 Yara's Violent Unravell  Hex/Alch       15%        3d8       36%         5
 Vhi's Electric Charge    Tloc/Air       56%        N/A       54%         4
 Anguish                  Hex/Necr       12%        N/A       63%         4
 Animate Dead             Necr           25%        N/A       63%         4
 Cause Fear               Hex            12%        N/A       63%         4
 Dimensional Bullseye     Hex/Tloc       12%        N/A       63%         4
 Dispel Undead            Necr           25%        3d12      63%         4
 Martyr's Knell           Necr/Summ      25%        N/A       63%         4
 Passage of Golubria      Tloc           25%        N/A       63%         4
 Silence                  Hex/Air        14%        N/A       87%         5
 Curse of Agony           Necr           25%        N/A       93%         5
 Death Channel            Necr           12%        N/A       100%        6
 Haunt                    Necr/Summ      12%        N/A       100%        7
 Malign Gateway           Summ/Tloc      12%        N/A       100%        7
 Infestation              Necr           12%        N/A       100%        8
 Summon Horrible Things   Summ           12%        N/A       100%        8
 Dragon's Call            Summ           12%        N/A       100%        9


Dungeon Overview and Level Annotations

Branches:
Dungeon (15/15)            Temple (1/1) D:7            Lair (5/5) D:9
 Shoals (4/4) Lair:2        Snake (4/4) Lair:2        Slime (0/5) Lair:4
    Orc (2/2) D:12            Elf (3/3) Orc:2        Vaults (5/5) D:13
  Crypt (0/3) Vaults:2     Depths (4/4) D:15            Zot (0/5) Depths:4
  IceCv (visited)          WizLab (visited)         Desolation (visited)

Altars:
Ashenzari
Cheibriados
Dithmenos
Fedhas
Gozag
Hepliaklqana
Kikubaaqudgha
Makhleb
Nemelex Xobeh
Okawaru
Qazlal
Ru
Sif Muna
Trog
Uskayaw
Vehumet
Wu Jian
Xom
Yredelemnul

Shops:
D:3 *   D:5 !   D:7 ?   D:14 *   Orc:2 *?[(   Shoals:3 ?   Snake:1 [?
Snake:2 ?:[[[   Vaults:1 !![:   Vaults:3 (   Vaults:4 (   Depths:3 :*:=:??

Portals:
Hell: Depths:1 Depths:2 Depths:3 Depths:4
Abyss: Depths:3
Pandemonium: Depths:2
Ziggurat: Depths:3
Trove: D:15 (give horn of Geryon)

Annotations:
D:4 exclusion: oklob plant
D:5 2 transporters, Newt's ghost, novice KoHu
D:12 2 transporters, knightboat's ghost, journeyman TrWr
Elf:2 3 runed translucent doors, Roxanne


Innate Abilities, Weirdness & Mutations

You have claws for hands.
You have an unnaturally thin skeletal structure. (Dex +6, Stealth+++)
You are powered by pain.
Spells you cast may paralyse nearby enemies.
Your presence sometimes corrodes or deforms those you injure.
You can speak a Word of Chaos.


Message History

The titan is moderately wounded.
You block the titan's attack.
A wave of flame ripples out!
The flame wave engulfs the titan!
The titan is moderately wounded.
You finish channelling waves of flame.
The titan hits you!!!
* * * LOW HITPOINT WARNING * * *
You focus on the pain.
You feel mightier all of a sudden.
Unknown command.
Casting: Flame Wave (safe; 1% risk of failure)
Confirm with . or Enter, or press ? or * to list all spells.
Aiming: Stone Arrow (safe; 1% risk of failure)
Press: ? - help, Shift-Dir - straight line, f - titan
Aim: a titan (moderately wounded, 98% to hit)
The stone arrow hits the titan!
The titan is heavily wounded.
Malevolent energies surge around you. The titan closely misses you.
Unknown command.
You feel much better.
The titan waves its arms in wide circles.
The air twists around and strikes you!!
* * * LOW HITPOINT WARNING * * *
Casting: Stone Arrow (safe; 1% risk of failure)
Confirm with . or Enter, or press ? or * to list all spells.
Aiming: Stone Arrow (safe; 1% risk of failure)
Press: ? - help, Shift-Dir - straight line, f/p - titan
Aim: a titan (heavily wounded, 98% to hit)
The stone arrow hits the titan!
The titan is heavily wounded.
Malevolent energies surge around you. You block the titan's attack.
Unknown command.
Casting: Stone Arrow (safe; 1% risk of failure)
Confirm with . or Enter, or press ? or * to list all spells.
Aiming: Stone Arrow (safe; 1% risk of failure)
Press: ? - help, Shift-Dir - straight line, f/p - titan
Aim: a titan (heavily wounded, 98% to hit)
The stone arrow hits the titan!
The titan is severely wounded.
Malevolent energies surge around you. The titan hits you!!
You die...

#. ..# #.
..# #. ..#
#. ..#
###.#..#
......#
######.C..#
.......@).#
..........#
###########


You could see a titan.

Vanquished Creatures
  A dread lich (Depths:4)
  Frederick (Vaults:4)
  3 ancient liches
  Mara (Vaults:5)
  4 juggernauts (Depths:4)
  Saint Roka (Vaults:1)
  Bai Suzhen (Shoals:3)
  Vashnia (Snake:2)
  5 caustic shrikes (Depths:4)
  2 golden dragons (Depths:4)
  A Cloud Mage (WizLab)
  3 tentacled monstrosities
  2 doom hounds (Depths:2)
  Jorgrun (Elf:1)
  Rupert (D:15)
  A walking earthen tome (Depths:4)
  3 deep elf blademasters
  3 liches
  A quicksilver dragon (Depths:4)
  Grunn (Depths:2)
  3 deep elf master archers (Elf:3)
  A walking divine tome (Depths:1)
  5 sphinxes
  A titan (Vaults:5)
  2 tengu reavers (Depths:2)
  Gastronok (D:8)
  A storm dragon (Depths:4)
  2 shadow dragons (Depths:4)
  Aizul (Shoals:3)
  Ilsuiw (Shoals:3)
  10 nagarajas
  A draconian monk (Depths:4)
  6 fire giants
  13 deep elf sorcerers
  3 imperial myrmidons (Desolation)
  7 frost giants
  13 vault wardens
  4 iron dragons (Depths:4)
  Louise (Shoals:1)
  A balrug (Depths:1)
  3 deep elf elementalists (Elf:3)
  An orc warlord (Orc:1)
  4 formless jellyfish
  21 very ugly things
  14 ironbound preservers
  12 stone giants
  4 deep elf demonologists
  2 vampire knights
  7 ironbound thunderhulks
  A black draconian (Depths:4)
  2 green draconians (Depths:4)
  6 deep elf death magi (Elf:3)
  Azrael (Orc:2)
  A halazid warlock (Desolation)
  A purple draconian (Depths:4)
  8 spark wasps
  9 deep elf annihilators
  3 war gargoyles (Vaults:4)
  A red draconian (Depths:4)
  2 dire elephants
  2 yellow draconians (Depths:4)
  A white draconian (IceCv)
  2 crystal guardians
  5 merfolk impalers
  5 fire dragons
  9 ettins
  A blizzard demon (WizLab)
  6 merfolk javelineers
  An entropy weaver (Vaults:2)
  An entropy weaver (shapeshifter) (Elf:3)
  6 deep elf high priests
  5 great orbs of eyes
  12 yaktaur captains
  Josephine (D:11)
  9 spriggan air magi
  5 rakshasas
  28 vault guards
  4 hydras
  5 ragged hierophants (Desolation)
  8 ice dragons
  6 servants of whispers (Desolation)
  7 peacekeepers
  8 ironbound frosthearts
  3 merfolk avatars
  13 centaur warriors
  A nameless horror (Depths:2)
  12 anacondas
  2 catoblepae
  2 salamander tyrants
  2 ghost crabs (WizLab)
  Erica (D:9)
  An ogre mage (Vaults:5)
  A death knight (D:15)
  5 two-headed ogres
  11 dancing weapons
  2 alligator snapping turtles
  6 boulder beetles
  A merfolk aquamancer (Shoals:3)
  12 naga warriors
  A satyr (Shoals:4)
  4 tengu warriors
  6 orc high priests
  2 death yaks (Lair:2)
  5 vampire magi
  5 deep troll shamans
  Urug (Lair:3)
  13 deep troll earth magi
  13 deep elf knights
  2 spriggan berserkers (Depths:1)
  5 hell knights
  Sonja (D:10)
  12 naga sharpshooters
  11 shock serpents
  2 spriggans (Depths:1)
  A sun demon (Depths:1)
  20 sea snakes
  7 salamander mystics
  Lodul (D:13)
  5 skysharks
  A flayed ghost (Depths:2)
  14 mana vipers
  A skyshark (shapeshifter) (Depths:2)
  A death drake (WizLab)
  7 iron trolls
  8 skeletal warriors
  49 deep trolls
  13 deep elf archers
  2 glowing orange brains
  7 arcanists
  A glowing orange brain (shapeshifter) (Vaults:5)
  12 orc knights
  4 large abominations (Depths:3)
  3 phantasmal warriors
  11 naga ritualists
  16 deep elf zephyrmancers
  9 harpies
  17 ironbound convokers
  22 deep elf pyromancers
  5 lindwurms (Vaults:2)
  A salamander (shapeshifter) (Depths:4)
  4 fauns (Shoals:3)
  3 orc sorcerers
  43 ugly things
  8 salamanders
  2 cyclopes
  20 manticores
  Maurice (D:7)
  A cyclops (shapeshifter) (D:15)
  11 elephants (Lair:5)
  4 apocalypse crabs (WizLab)
  3 meliai (D:14)
  27 black mambas
  5 water nymphs
  16 naga magi
  20 vault sentinels
  3 ice statues
  A molten gargoyle (Desolation)
  A black mamba (shapeshifter) (Elf:3)
  11 merfolk sirens
  12 cane toads
  13 guardian serpents
  A smoke demon (Depths:1)
  Maggie (D:6)
  2 kobold demonologists (D:11)
  2 torpor snails
  Jeremiah (D:7)
  6 unseen horrors (Depths:3)
  An efreet (D:11)
  4 freezing wraiths
  9 rime drakes
  29 merfolk
  6 komodo dragons
  58 yaktaurs
  8 trolls
  2 burning bushes (Lair:5)
  2 polar bears (Lair:5)
  43 saltlings (Desolation)
  10 wind drakes
  A glass eye (shapeshifter) (Elf:1)
  A tarantella (shapeshifter) (D:14)
  Prince Ribbit (D:6)
  A dream sheep (shapeshifter) (Depths:4)
  6 hornets
  Grinder (D:5)
  A glass eye (Depths:2)
  6 snapping turtles
  12 blink frogs
  35 slime creatures
  11 air elementals
  3 small abominations (Depths:3)
  7 vampires
  8 water elementals
  A wyvern (shapeshifter) (D:13)
  7 fire elementals
  2 humans (D:13)
  6 wraiths
  8 wyverns
  49 yaks
  A fire bat (shapeshifter) (Depths:4)
  14 wargs
  9 steam dragons
  2 basilisks
  A redback (Vaults:2)
  15 vampire mosquitoes
  Menkaure (D:6)
  2 chaos spawn (Depths:3)
  An acid dragon (D:12)
  32 nagas
  4 hell hounds (Orc:2)
  14 water moccasins
  42 orc warriors
  2 ice beasts
  3 black bears
  A sky beast (D:8)
  2 laughing skulls (D:14)
  12 centaurs
  14 ogres
  11 wolves
  A phantom (D:5)
  3 kobold brigands
  11 bullfrogs
  2 gnoll sergeants
  2 earth elementals
  A scorpion (D:6)
  5 killer bees (D:11)
  2 lindwurm simulacra (IceCv)
  8 electric eels
  6 howler monkeys
  2 bombardier beetles
  A jelly (D:6)
  7 komodo dragon simulacra (IceCv)
  6 hounds
  2 gnoll boudas
  28 orc priests
  Crazy Yiuf (D:5)
  Jessica (D:2)
  4 iguanas
  Natasha (thrice) (D:4)
  30 orc wizards
  Robin (D:3)
  22 gnolls
  6 acid dragon simulacra (IceCv)
  7 adders
  4 white imps
  2 ufetubi (D:6)
  6 steam dragon simulacra (IceCv)
  A dart slug (D:1)
  3 ribbon worms
  106 orcs
  4 bats
  5 endoplasms
  5 giant cockroaches
  15 goblins
  11 hobgoblins
  6 jackals
  10 kobolds
  5 quokkas
  7 ball pythons
  A frilled lizard (D:2)
  9 rats
1856 creatures vanquished.

Vanquished Creatures (collateral kills)
  76 foxfires
76 creatures vanquished.

Vanquished Creatures (others)
  A sphinx (Vaults:4)
  A skyshark (Shoals:3)
  An ironbound convoker (Vaults:3)
  A saltling (Desolation)
  An orc (Orc:2)
  3256 foxfires
3261 creatures vanquished.

Grand Total: 5193 creatures vanquished

Notes
Turn   | Place    | Note
-------+----------+-------------------------------------------
     0 | D:1      | Atlas the Demonspawn Fire Elementalist began the quest for
                  | the Orb.
     0 | D:1      | Reached XP level 1. HP: 13/13 MP: 3/3
    46 | D:1      | Upgraded the game from 0.32-a0-35-gd9ff480968 to
                  | 0.32-a0-38-gb04dd89b9b
   380 | D:1      | Gained mutation: Spells you cast may paralyse adjacent
                  | enemies. [demonic ancestry]
   380 | D:1      | Reached XP level 2. HP: 19/19 MP: 0/5
   432 | D:1      | Found a faded altar of an unknown god.
  1461 | D:1      | Reached XP level 3. HP: 24/24 MP: 3/6
  1606 | D:2      | Learned a level 2 spell: Scorch
  1727 | D:2      | Noticed Jessica
  1729 | D:2      | Killed Jessica
  1730 | D:2      | Reached XP level 4. HP: 25/30 MP: 2/7
  2438 | D:2      | Identified the +3 flail of Welfare {flame, rPois rF+++ rC++
                  | Str-2 Int-3}
  2817 | D:2      | Reached skill level 3 in Spellcasting
  2817 | D:2      | Reached XP level 5. HP: 35/35 MP: 4/9
  3580 | D:3      | Found Zin's Purification Station.
  4218 | D:3      | Noticed Robin
  4222 | D:3      | Reached skill level 1 in Armour
  4225 | D:3      | Killed Robin
  4390 | D:3      | Found a burning altar of Makhleb.
  4603 | D:4      | Gained mutation: You have sharp fingernails. [demonic
                  | ancestry]
  4603 | D:4      | Reached XP level 6. HP: 41/41 MP: 3/11
  4741 | D:4      | Reached skill level 4 in Spellcasting
  5023 | D:4      | Noticed Natasha
  5026 | D:4      | Killed Natasha
  5152 | D:4      | Noticed an orc warrior
  5181 | D:4      | Killed an orc warrior
  5182 | D:4      | Gained mutation: You have very sharp fingernails. [demonic
                  | ancestry]
  5182 | D:4      | Reached XP level 7. HP: 38/47 MP: 5/13
  5299 | D:4      | Found a blossoming altar of Fedhas.
  5320 | D:4      | Noticed an oklob plant
  5930 | D:4      | Found a sacrificial altar of Ru.
  5946 | D:4      | Noticed Natasha
  5954 | D:4      | Killed Natasha
  5958 | D:4      | Noticed Natasha
  5966 | D:4      | Killed Natasha
  5967 | D:4      | Reached skill level 5 in Fire Magic
  5977 | D:4      | Found a hazy altar of Hepliaklqana.
  6173 | D:5      | Entered Level 5 of the Dungeon
  6287 | D:5      | Found a shimmering blue altar of Sif Muna.
  6505 | D:5      | Found an ancient bone altar of Kikubaaqudgha.
  6632 | D:5      | Noticed Grinder
  6654 | D:5      | Killed Grinder
  6655 | D:5      | Reached skill level 5 in Spellcasting
  6764 | D:5      | Gained mutation: Spells you cast may paralyse nearby
                  | enemies. [demonic ancestry]
  6764 | D:5      | Reached XP level 8. HP: 53/53 MP: 10/15
  6854 | D:5      | Reached skill level 1 in Maces & Flails
  7001 | D:5      | Found a snail-covered altar of Cheibriados.
  7161 | D:5      | Found a transporter.
  7186 | D:5      | Noticed Newt's ghost (novice KoHu)
  7187 | D:5      | Found a transporter.
  7187 | D:5      | Noticed a hornet
  7253 | D:5      | Found Echeju's Distillery.
  7262 | D:5      | Reached skill level 6 in Spellcasting
  7271 | D:5      | Bought a potion of curing for 30 gold pieces
  7271 | D:5      | Bought a potion of haste for 100 gold pieces
  7271 | D:5      | Bought a potion of mutation for 80 gold pieces
  7411 | D:5      | Reached skill level 1 in Fighting
  7532 | D:5      | Found a runed translucent door.
  7533 | D:5      | Noticed Crazy Yiuf
  7697 | D:5      | Killed Crazy Yiuf
  7807 | D:6      | Noticed Prince Ribbit
  7811 | D:6      | Killed Prince Ribbit
  8080 | D:6      | Noticed Menkaure
  8086 | D:6      | Killed Menkaure
  8087 | D:6      | Reached XP level 9. HP: 59/59 MP: 12/19
  8511 | D:6      | Reached skill level 7 in Spellcasting
  8694 | D:6      | Noticed Maggie
  8706 | D:6      | Killed Maggie
  9200 | D:7      | Found an ornate altar of the Wu Jian Council.
  9263 | D:7      | Noticed Jeremiah
  9268 | D:7      | Killed Jeremiah
  9269 | D:7      | Reached skill level 8 in Spellcasting
  9328 | D:7      | Found a sparkling altar of Nemelex Xobeh.
  9392 | D:7      | Identified the +0 flail "Dragon's Death Toll" {spect, Will+
                  | Int+3}
  9720 | D:7      | Found a staircase to the Ecumenical Temple.
  9738 | Temple   | Entered the Ecumenical Temple
  9759 | Temple   | Became a worshipper of Vehumet
  9780 | D:7      | Noticed Maurice
  9796 | D:7      | Found Irypena's Magic Scroll Boutique.
  9798 | D:7      | Something stole 166 gold
  9801 | D:7      | Killed Maurice
  9802 | D:7      | Gained mutation: You have a somewhat thin skeletal
                  | structure. (Dex +2, Stealth+) [demonic ancestry]
  9802 | D:7      | Reached XP level 10. HP: 49/65 MP: 1/22
  9925 | D:7      | Bought a scroll of identify for 22 gold pieces
  9925 | D:7      | Bought a scroll of identify for 22 gold pieces
  9925 | D:7      | Bought 2 scrolls of teleportation for 66 gold pieces
  9925 | D:7      | Bought a scroll of butterflies for 44 gold pieces
 11160 | D:8      | Learned a level 4 spell: Flame Wave
 11164 | D:8      | Learned a level 3 spell: Stone Arrow
 11417 | D:8      | Found a broken altar of Ashenzari.
 11447 | D:8      | Reached * piety under Vehumet
 11447 | D:8      | Offered knowledge of Kiss of Death by Vehumet.
 11960 | D:9      | Noticed Gastronok
 12288 | D:8      | Killed Gastronok
 12289 | D:8      | Reached skill level 9 in Spellcasting
 12289 | D:8      | Reached skill level 5 in Conjurations
 12504 | D:9      | Noticed Erica
 12513 | D:9      | Killed Erica
 12548 | D:9      | Reached XP level 11. HP: 31/73 MP: 12/24
 12684 | D:9      | Found a bloodstained altar of Trog.
 12695 | D:9      | Noticed a two-headed ogre
 12700 | D:9      | Killed a two-headed ogre
 12892 | D:9      | Found a stormy altar of Qazlal.
 13021 | D:9      | Found a staircase to the Lair.
 13193 | D:10     | Entered Level 10 of the Dungeon
 13206 | D:10     | Reached skill level 10 in Spellcasting
 13269 | D:10     | Noticed Sonja
 13279 | D:10     | Killed Sonja
 13737 | D:10     | Identified the ring of Devest {*Corrode rF+ Int+6}
 13785 | D:10     | Offered knowledge of Magic Dart by Vehumet.
 13786 | D:10     | Reached ** piety under Vehumet
 14201 | D:11     | Reached skill level 1 in Earth Magic
 14343 | D:11     | Noticed a two-headed ogre
 14358 | D:11     | Killed a two-headed ogre
 14436 | D:11     | Noticed a two-headed ogre
 14446 | D:11     | Killed a two-headed ogre
 14447 | D:11     | Offered knowledge of Mephitic Cloud by Vehumet.
 14455 | D:11     | Learned a level 3 spell: Mephitic Cloud
 14542 | D:11     | Noticed a sixfirhy
 14762 | D:11     | Reached *** piety under Vehumet
 14763 | D:11     | Reached skill level 10 in Fire Magic
 14770 | D:11     | Noticed Josephine
 14778 | D:11     | Reached skill level 1 in Shields
 14791 | D:11     | Killed Josephine
 14792 | D:11     | Reached skill level 11 in Spellcasting
 14796 | D:11     | Offered knowledge of Sticky Flame by Vehumet.
 14799 | D:11     | Gained mutation: You have claws for hands. [demonic
                  | ancestry]
 14799 | D:11     | Reached XP level 12. HP: 29/81 MP: 3/27
 15482 | D:12     | Found a staircase to the Orcish Mines.
 15525 | D:12     | Noticed a two-headed ogre
 15533 | D:12     | Killed a two-headed ogre
 15766 | D:12     | Found a transporter.
 15770 | D:12     | Noticed a six-headed hydra
 15791 | D:12     | Noticed a two-headed ogre
 15796 | D:12     | Found a transporter.
 15831 | D:12     | Reached skill level 5 in Stealth
 16011 | D:12     | Reached **** piety under Vehumet
 16188 | D:12     | Offered knowledge of Fireball by Vehumet.
 16401 | D:11     | Learned a level 5 spell: Fireball
 16629 | D:12     | Killed a two-headed ogre
 17391 | D:12     | Reached skill level 12 in Spellcasting
 17530 | D:12     | Noticed knightboat's ghost (journeyman TrWr)
 17837 | D:13     | Identified the +2 robe of Courage {rC+++ Will- Str+2
                  | Archmagi}
 17881 | D:13     | Noticed an eight-headed hydra
 17902 | D:13     | Found a frozen archway.
 17911 | IceCv    | Entered an ice cave
 18190 | IceCv    | Gained mutation: You have a moderately thin skeletal
                  | structure. (Dex +4, Stealth++) [demonic ancestry]
 18190 | IceCv    | Reached XP level 13. HP: 87/87 MP: 27/29
 18433 | IceCv    | Reached ***** piety under Vehumet
 18450 | IceCv    | Offered knowledge of Arcjolt by Vehumet.
 18486 | IceCv    | Noticed a white draconian
 18501 | IceCv    | Killed a white draconian
 19748 | D:13     | Found a gate to the Vaults.
 20029 | D:14     | Noticed Lodul
 20038 | D:13     | Killed Lodul
 20085 | D:13     | Reached skill level 1 in Alchemy
 20096 | D:13     | Reached skill level 13 in Spellcasting
 20208 | D:14     | Reached skill level 5 in Earth Magic
 20767 | D:14     | Found Ceyn's Assorted Antiques.
 20871 | D:14     | Bought 2 scrolls of teleportation for 150 gold pieces
 20905 | D:14     | Offered knowledge of Conjure Ball Lightning by Vehumet.
 20922 | D:14     | HP: 4/88 [centaur warrior (1)]
 21582 | D:15     | Entered Level 15 of the Dungeon
 21599 | D:15     | Reached XP level 14. HP: 74/96 MP: 31/31
 21684 | D:15     | Reached skill level 1 in Air Magic
 21854 | D:15     | Reached skill level 10 in Conjurations
 22086 | D:15     | Noticed Rupert
 22108 | D:15     | Killed Rupert
 22469 | D:15     | Found a portal to a secret trove of treasure.
 23574 | D:15     | Found a staircase to the Depths.
 23963 | Lair:1   | Entered Level 1 of the Lair of Beasts
 23968 | Lair:1   | Reached skill level 5 in Armour
 24029 | Lair:1   | Reached skill level 14 in Spellcasting
 25160 | Lair:2   | Offered knowledge of Lee's Rapid Deconstruction by Vehumet.
 25168 | Lair:2   | Learned a level 5 spell: Lee's Rapid Deconstruction
 25647 | Lair:2   | Found a staircase to the Shoals.
 25823 | Lair:2   | Found a staircase to the Snake Pit.
 26493 | Lair:3   | Noticed Urug
 26526 | Lair:3   | Killed Urug
 26582 | Lair:3   | Found the ring of the Hare {EV+10}
 26675 | Lair:3   | Reached skill level 5 in Maces & Flails
 27700 | Lair:4   | Gained mutation: Your presence sometimes corrodes those you
                  | injure. [demonic ancestry]
 27700 | Lair:4   | Reached XP level 15. HP: 90/101 MP: 28/33
 28347 | Lair:4   | Found a staircase to the Slime Pits.
 28712 | Lair:5   | Entered Level 5 of the Lair of Beasts
 28803 | Lair:5   | Offered knowledge of Starburst by Vehumet.
 29325 | Lair:5   | Reached skill level 5 in Dodging
 29685 | Lair:5   | Reached skill level 15 in Spellcasting
 30126 | Lair:5   | Identified the +2 trident of Hepliaklqana's Hope {heavy,
                  | Int+4}
 30584 | Orc:1    | Entered Level 1 of the Orcish Mines
 30958 | Orc:2    | Entered Level 2 of the Orcish Mines
 30970 | Orc:2    | Noticed Azrael
 30976 | Orc:2    | Reached ****** piety under Vehumet
 30978 | Orc:2    | Offered knowledge of Bombard by Vehumet.
 32004 | Orc:2    | Killed Azrael
 32390 | Orc:2    | Found Jeafivam's Antique Weapon Emporium.
 32794 | Orc:2    | Found Navypene's Assorted Antiques.
 32907 | Orc:2    | Bought a scroll of teleportation for 75 gold pieces
 32959 | Orc:2    | Offered knowledge of Spellforged Servitor by Vehumet.
 32968 | Orc:2    | Learned a level 7 spell: Spellforged Servitor
 33004 | Orc:2    | Found Zerean's Antique Armour Boutique.
 33020 | Orc:2    | Found a staircase to the Elven Halls.
 33037 | Orc:2    | Found Launuada's Magic Scroll Boutique.
 33042 | Orc:2    | Bought a scroll of identify for 26 gold pieces
 33042 | Orc:2    | Bought a scroll of fear for 52 gold pieces
 33042 | Orc:2    | Bought a scroll of teleportation for 39 gold pieces
 33042 | Orc:2    | Bought a scroll of identify for 26 gold pieces
 33042 | Orc:2    | Bought a scroll of fear for 52 gold pieces
 33316 | Snake:1  | Entered Level 1 of the Snake Pit
 33338 | Snake:1  | Found Xutoenist's Magic Scroll Boutique.
 33345 | Snake:1  | Bought a scroll of fear for 48 gold pieces
 33345 | Snake:1  | Bought a scroll of fear for 48 gold pieces
 33345 | Snake:1  | Bought a scroll of butterflies for 48 gold pieces
 33345 | Snake:1  | Found Hif Hupt's Armour Shop.
 33499 | Snake:1  | Gained mutation: Your presence sometimes corrodes or
                  | deforms those you injure. [demonic ancestry]
 33499 | Snake:1  | Reached XP level 16. HP: 98/108 MP: 33/35
 34798 | Snake:2  | Found a runed translucent door.
 34847 | Snake:2  | Reached skill level 16 in Spellcasting
 35596 | Snake:2  | Found Kauffya's Antique Armour Shop.
 35795 | Snake:2  | Found Yvym Jell's Magic Scroll Boutique.
 35820 | Snake:2  | Bought a scroll of teleportation for 48 gold pieces
 35820 | Snake:2  | Bought a scroll of acquirement for 832 gold pieces
 35820 | Snake:2  | Bought a scroll of fog for 64 gold pieces
 35820 | Snake:2  | Bought a scroll of fear for 64 gold pieces
 35820 | Snake:2  | Acquired the ring of Nuutes {Fire rElec rCorr Int-5 Dex+4}
 36203 | Snake:2  | Found Ibaomerph's Armour Shop.
 36215 | Snake:2  | Found Yrchoana's Book Shoppe.
 36217 | Snake:2  | Found Nohav's Antique Armour Shop.
 36225 | Snake:2  | Bought a runed cloak for 285 gold pieces
 36270 | Snake:2  | Bought a book of Spontaneous Combustion for 760 gold pieces
 36279 | Snake:2  | Learned a level 8 spell: Ignition
 36533 | Snake:2  | Noticed Vashnia
 36546 | Snake:2  | Killed Vashnia
 36951 | Snake:2  | Offered knowledge of Maxwell's Capacitive Coupling by
                  | Vehumet.
 37027 | Snake:2  | Acquired 749 gold pieces
 37453 | Snake:3  | Learned a level 8 spell: Maxwell's Capacitive Coupling
 38494 | Snake:3  | Reached XP level 17. HP: 75/113 MP: 11/37
 38990 | Snake:4  | Entered Level 4 of the Snake Pit
 40011 | Snake:4  | Offered knowledge of Lehudib's Crystal Spear by Vehumet.
 40011 | Snake:4  | Offered knowledge of Fire Storm by Vehumet.
 40011 | Snake:4  | Offered knowledge of Shatter by Vehumet.
 40088 | Snake:4  | Reached skill level 17 in Spellcasting
 41767 | Snake:4  | Reached skill level 15 in Conjurations
 41828 | Snake:4  | Got a serpentine rune of Zot
 42076 | Shoals:1 | Entered Level 1 of the Shoals
 42469 | Shoals:1 | Noticed Louise
 42475 | Shoals:1 | Killed Louise
 43805 | Shoals:2 | Reached skill level 10 in Earth Magic
 44208 | Shoals:2 | Identified the +3 mace "Tatig" {heavy, Int+3 Stlth+}
 44451 | Shoals:3 | Identified the serpent talisman "Vetweot" {Str+3 Dex+3
                  | Stlth+}
 44451 | Shoals:3 | Noticed Aizul
 44467 | Shoals:3 | Killed Aizul
 44591 | Shoals:3 | Noticed Bai Suzhen
 44752 | Shoals:3 | Killed Bai Suzhen
 44753 | Shoals:3 | Gained mutation: You sometimes gain a little power by
                  | taking damage. [demonic ancestry]
 44753 | Shoals:3 | Reached XP level 18. HP: 120/120 MP: 4/39
 45393 | Shoals:3 | Noticed Ilsuiw
 45434 | Shoals:3 | Reached skill level 5 in Fighting
 45588 | Shoals:3 | Found Kurr's Magic Scroll Emporium.
 45596 | Shoals:3 | Bought a scroll of teleportation for 39 gold pieces
 45675 | Shoals:3 | Killed Ilsuiw
 45676 | Shoals:3 | Reached skill level 18 in Spellcasting
 45994 | Shoals:4 | Entered Level 4 of the Shoals
 46174 | Shoals:4 | Found the +2 hood of the Assassin {Detect Stab+ Stlth++}
 46505 | Shoals:4 | Reached skill level 5 in Shields
 46663 | Shoals:4 | Identified the staff of the Spinneret {rElec rN++ Air}
 46763 | Shoals:4 | Identified the +4 sling "Igesauv" {flame, rElec rC++ Dex-5}
 46925 | Shoals:4 | Identified the staff "Gajymoag" {rPois SInv Air Alchemy}
 47007 | Shoals:4 | Got a barnacled rune of Zot
 47424 | Elf:1    | Entered Level 1 of the Elven Halls
 47820 | Elf:1    | Found a huge runed translucent gate.
 47821 | Elf:1    | Found a huge runed translucent gate.
 47822 | Elf:1    | Found a huge runed translucent gate.
 47822 | Elf:1    | Found a huge runed translucent gate.
 47823 | Elf:1    | Found a huge runed translucent gate.
 47824 | Elf:1    | Found a huge runed translucent gate.
 47824 | Elf:1    | Found a huge runed translucent gate.
 47824 | Elf:1    | Found a huge runed translucent gate.
 47824 | Elf:1    | Found a huge runed translucent gate.
 47825 | Elf:1    | Found a huge runed translucent gate.
 47825 | Elf:1    | Found a huge runed translucent gate.
 47825 | Elf:1    | Found a huge runed translucent gate.
 47825 | Elf:1    | Found a huge runed translucent gate.
 47825 | Elf:1    | Found a huge runed translucent gate.
 47825 | Elf:1    | Found a huge runed translucent gate.
 47825 | Elf:1    | Found a huge runed translucent gate.
 47825 | Elf:1    | Found a huge runed translucent gate.
 47826 | Elf:1    | Found a huge runed translucent gate.
 47826 | Elf:1    | Found a huge runed translucent gate.
 47826 | Elf:1    | Found a huge runed translucent gate.
 48195 | Elf:1    | Noticed Jorgrun
 48204 | Elf:1    | Killed Jorgrun
 48796 | Elf:2    | Noticed Roxanne
 49461 | Elf:2    | Gained mutation: You sometimes gain power by taking damage.
                  | [demonic ancestry]
 49461 | Elf:2    | Reached XP level 19. HP: 129/129 MP: 41/41
 49494 | Elf:2    | Identified the +4 bardiche "Bingo" {freeze, ^Contam rElec
                  | Will+ Int+6}
 49519 | Elf:2    | Identified the +12 dagger of a Million Xenops {freeze,
                  | rC+++ Int+4 Dex-3 Stlth-}
 49610 | Elf:2    | Found a runed translucent gate.
 49610 | Elf:2    | Found a runed translucent gate.
 49610 | Elf:2    | Found a runed translucent gate.
 49708 | Elf:2    | Noticed a Brimstone Fiend
 50001 | Elf:3    | Entered Level 3 of the Elven Halls
 50977 | Elf:3    | Reached XP level 20. HP: 135/135 MP: 28/42
 51564 | Elf:3    | Reached skill level 19 in Spellcasting
 52773 | Elf:3    | Identified the ring "Seffoath" {rN+ Dex+6}
 52908 | Elf:3    | Identified the +9 rapier of Youthful Indiscretion {drain,
                  | +Blink Dex-2 Stlth+}
 53465 | Elf:3    | Identified the staff "Gocod" {rElec Earth}
 53513 | Elf:3    | Identified the staff of Fear {rPois rCorr Alchemy}
 53517 | Elf:3    | Got the Exposition on Injury and Cinders
 53521 | Elf:3    | Got Sung's Anthology of Forces
 53908 | Vaults:1 | Entered Level 1 of the Vaults
 54000 | Vaults:1 | Found Roreoz's Book Emporium.
 54377 | Vaults:1 | Noticed Saint Roka
 54386 | Vaults:1 | Killed Saint Roka
 54387 | Vaults:1 | Reached skill level 15 in Fire Magic
 54610 | Vaults:1 | Identified the +1 pair of gloves of Tomorrow {rElec}
 54621 | Vaults:1 | Found Ipuxypeh's Armour Shoppe.
 54692 | Vaults:1 | Found Dunlea's Distillery.
 54702 | Vaults:1 | Bought a potion of magic for 120 gold pieces
 54702 | Vaults:1 | Bought a potion of ambrosia for 120 gold pieces
 54970 | Vaults:1 | Found Onanlapp's Distillery.
 54974 | Vaults:1 | Bought a potion of experience for 900 gold pieces
 54974 | Vaults:1 | Bought 2 potions of mutation for 288 gold pieces
 54974 | Vaults:1 | Gained mutation: You can speak a Word of Chaos. [demonic
                  | ancestry]
 54974 | Vaults:1 | Reached XP level 21. HP: 142/142 MP: 44/44
 55738 | Vaults:2 | Reached skill level 20 in Spellcasting
 56443 | Vaults:2 | Gained mutation: You have an unnaturally thin skeletal
                  | structure. (Dex +6, Stealth+++) [demonic ancestry]
 56443 | Vaults:2 | Reached XP level 22. HP: 123/149 MP: 20/46
 57642 | Vaults:2 | Reached skill level 10 in Shields
 57769 | Vaults:2 | Found a staircase to the Crypt.
 58288 | Vaults:3 | Found Ziuti's Weapon Shop.
 58317 | Vaults:3 | Found a crumbling gateway.
 58323 | Desolati | Entered the Desolation of Salt
 58658 | Desolati | Identified the +3 steam dragon scales "Uqys" {Harm rC+++
                  | Str+3 Int-2}
 58777 | Desolati | HP: 2/124 [ragged hierophant/a resonance strike[a halazid
                  | warlock] (8)]
 58902 | Desolati | Found the +1 cloak of Starlight {*Dazzle EV+4 Stlth--}
 58907 | Desolati | Got the Grimoire of the Gift
 58932 | Desolati | Identified the +1 dagger of Agreted {speed, rElec Int+3}
 58947 | Desolati | Identified the ring of Foolhardiness {rElec rPois rC+++
                  | Str-4 Dex+3}
 59181 | Desolati | Identified the amulet "Fafuw" {Reflect -Tele rC+ Will+
                  | SH+5}
 59274 | Desolati | Found the +8 Vampire's Tooth {megavamp}
 59284 | Desolati | Identified the +4 whip of Gin and Tonic {freeze, Will+}
 59654 | Vaults:3 | Identified the +1 helmet of Elitism {rElec}
 61276 | Vaults:4 | Identified the orb of Contentment {*channel, Rampage rC+
                  | rN+}
 61276 | Vaults:4 | Noticed Frederick
 61285 | Vaults:4 | Killed Frederick
 61476 | Vaults:4 | Acquired the amulet of the Empire {RegenMP rF- Dex+3 SInv}
 61657 | Vaults:4 | Reached skill level 15 in Shields
 61680 | Vaults:4 | Reached XP level 23. HP: 154/154 MP: 47/47
 62226 | Vaults:4 | Found Fietieqi's Antique Weapon Emporium.
 63148 | Vaults:4 | Identified the +3 rapier of the Floral God {flame, rF++}
 63170 | Vaults:4 | Acquired a book of Conjurations
 63574 | Depths:1 | Entered Level 1 of the Depths
 64033 | Depths:1 | Found a gateway to Hell.
 64052 | Depths:1 | Identified the +12 chain mail of the Enchanted Forest {+Inv
                  | rPois rN+}
 65146 | Depths:2 | Noticed Grunn
 65164 | Depths:2 | Killed Grunn
 66045 | Depths:2 | Found a one-way gate leading to the halls of Pandemonium.
 66332 | Depths:2 | Learned a level 9 spell: Fire Storm
 67372 | Depths:3 | Found Jazyh's Book Emporium.
 67400 | Depths:3 | Found a one-way gateway to a ziggurat.
 67426 | Depths:3 | Found Achiyl's Magic Scroll Shoppe.
 67445 | Depths:3 | Found a one-way gate to the infinite horrors of the Abyss.
 67461 | Depths:3 | Bought a scroll of teleportation for 48 gold pieces
 67461 | Depths:3 | Bought a scroll of teleportation for 48 gold pieces
 67474 | Depths:3 | Found Gohoasil's Jewellery Boutique.
 67475 | Depths:3 | Found Inligh Ista's Book Emporium.
 67475 | Depths:3 | Found Weupp's Book Emporium.
 67510 | Depths:3 | Found a magical portal.
 67551 | Depths:3 | Found Kinunn's Magic Scroll Emporium.
 67580 | WizLab   | Entered The Chambers of the Cloud Mage
 67602 | WizLab   | Paralysed by an air elemental for 1 turns
 67822 | WizLab   | Gained mutation: You are powered by pain. [demonic
                  | ancestry]
 67822 | WizLab   | Reached XP level 24. HP: 156/160 MP: 47/47
 67980 | WizLab   | Paralysed by an air elemental for 1 turns
 68434 | WizLab   | Got the Opusculum on Aeromancy
 68585 | Depths:3 | Bought 3 scrolls of teleportation for 135 gold pieces
 68695 | Depths:3 | Found Xeceiwku's General Store.
 69157 | Depths:4 | Entered Level 4 of the Depths
 69567 | Depths:4 | Noticed a juggernaut
 69804 | Depths:4 | Killed a juggernaut
 69931 | Depths:4 | Noticed a juggernaut
 69948 | Depths:4 | Killed a juggernaut
 70499 | Depths:4 | Reached skill level 21 in Spellcasting
 70765 | Depths:4 | Noticed a juggernaut
 70788 | Depths:4 | Killed a juggernaut
 71610 | Depths:4 | Noticed a juggernaut
 71620 | Depths:4 | Killed a juggernaut
 71860 | Depths:4 | Noticed a dread lich
 71872 | Depths:4 | Killed a dread lich
 71949 | Depths:4 | Found a gate to the Realm of Zot.
 72773 | Vaults:5 | Entered Level 5 of the Vaults
 72773 | Vaults:5 | Noticed an ancient lich
 72786 | Vaults:4 | Killed an ancient lich
 72934 | Vaults:5 | Identified the +6 trident of Parts Unknown {flame, rPois
                  | Str+3 Dex+3}
 72940 | Vaults:5 | Noticed Mara
 72949 | Vaults:5 | Killed Mara
 73072 | Vaults:5 | Identified the +4 war axe "Epeqo" {flame, rC+}
 73180 | Vaults:5 | Reached XP level 25. HP: 165/166 MP: 45/48
 73183 | Vaults:5 | Reached skill level 22 in Spellcasting
 73209 | Vaults:5 | Noticed an ancient lich
 73421 | Vaults:5 | Killed an ancient lich
 73893 | Vaults:5 | Noticed an ancient lich
 73912 | Vaults:5 | Killed an ancient lich
 74017 | Vaults:5 | Identified the staff "Ucwin" {rF+ Tloc Fire}
 74235 | Vaults:5 | Mangled by a titan

Illustrated notes

Levels and vault maps discovered:
D:1:      pf_arrival_petrified_forest, layout_basic,
          chequers_ecumenical_altar_island
D:2:      layout_basic, uniq_jessica
D:3:      layout_basic, zin_purify, lightli_temple_of_fire,
          serial_bayou_lagoon_b, uniq_robin
D:4:      layout_rooms, nicolae_overflow_hidden_temple, tgw_fedhas,
          corexii_item_surrounded_by_moat, uniq_natasha
D:5:      layout_basic, lemuel_doored_altar, lemuel_crystal_altar,
          mainiacjoe_overflow_alcove_1, mainiacjoe_overflow_small_starburst,
          gammafunk_ghost_hive, st_stairs_11, kennysheep_windowed_goal,
          uniq_crazy_yiuf_cottage, uniq_grinder
D:6:      cheibrodos_two_vegetables, layout_loops_ring, minmay_misc_feat_room,
          st_stairs_2, uniq_menkaure, uniq_maggie, uniq_prince_ribbit1
D:7:      layout_loops_cross, general_overflow_altar,
          nicolae_wu_jian_wuxing_cycle, minmay_temple_entry_statues_pillars,
          serial_shops, shop, uniq_maurice, uniq_jeremiah
D:8:      layout_layer_cave, lemuel_tele_altar, serial_bayou_crossing
D:9:      layout_rooms, nicolae_qazlal_general_emergency, bloody_trog,
          dpeg_oklobed_lair, water_maze_lemuel, uniq_erica, uniq_gastronok
D:10:     layout_small_grid, minivault_16, chequers_serial_rivers_micro_b,
          uniq_sonja
D:11:     layout_rooms, nicolae_sextant, uniq_josephine
D:12:     layout_cave_pools, orc_0_dummy, nzn_ghost_randoct
D:13:     layout_basic, hellmonk_vaults_keyhole, portal_ice_cave_entry_pillars_2
D:14:     layout_cave_pools, special_room [special_room_orc], serial_shops,
          nicolae_shop_window_shopping, tso_altar, uniq_lodul
D:15:     gammafunk_enter_depths_forms, layout_basic, enter_trove_3, uniq_rupert
Temple:   hellmonk_temple_flake
Lair:1:   layout_hall_layers, lemuel_fruit_fields, serial_bayou_shore_a,
          lemuel_fruit_tree
Lair:2:   layout_gridlike, nicolae_shoals_entry_roost,
          guppyfry_snake_entry_garden, st_stairs_4, dreamdust_mushroom_princess,
          bobbens_dragon_lair_wall
Lair:3:   layout_chaotic_city, grunt_megastairs_5, uniq_urug
Lair:4:   layout_small_grid, slime_entry_1
Lair:5:   gammafunk_lair_ancient_temple, layout_long_grid, evilmike_ambush
          [evilmike_ambush_outer_corners, evilmike_ambush_inner_pond]
Shoals:1: layout_shoals, nicolae_shoals_lost_giant_amphitheater, uniq_louise
Shoals:2: layout_shoals, nicolae_shoals_former_cling_halls
Shoals:3: layout_shoals, nicolae_stop_n_shop_1, uniq_ilsuiw, uniq_bai_suzhen,
          uniq_aizul
Shoals:4: shoals_end_simple, layout_shoals, nicolae_shoals_dead_sea_scrolls
Snake:1:  layout_grid_maze, nicolae_twisty_statue_hallways, minmay_shoptagon
Snake:2:  layout_chambers, serial_shops, nicolae_shop_waterfront,
          nicolae_wooded_promenade, nicolae_take_the_stairs, lightli_airlock,
          uniq_vashnia
Snake:3:  layout_cave_town
Snake:4:  johnstein_snake_rune_scales, layout_cave_shapes, serial_bayou_pond_b,
          nicolae_snake_gridmaze_tees
Orc:1:    layout_caves, basic_altar
Orc:2:    st_orc_town, layout_caves, serial_shops, shop, uniq_azrael
Elf:1:    eino_elf_arrival_shootout, layout_gridlike, hangedman_elf_represent,
          uniq_jorgrun
Elf:2:    nicolae_elf_blades_splatter_lattice [mumra_blade_entry_bloodbath],
          layout_rooms, uniq_roxanne
Elf:3:    minmay_elf_hall_four_x, layout_loops_corners
Vaults:1: nicolae_vaults_more_shelving_1, vaults_room_fancy_cross,
          grunt_vaults_hallway_long, nicolae_vaults_heart-shaped_vault,
          nicolae_vaults_house_2, v_pattern_1,
          nicolae_vaults_security_offices_2, vaults_room_corners, v_misc_8,
          vaults_room_pools, nicolae_vaults_storage_room_glass,
          layout_vaults_omnigrid, serial_shops, shop, shop, shop,
          nicolae_lakefront_shop, uniq_saint_roka
Vaults:2: minmay_crypt_entry_vampire_xt, nicolae_vaults_security_offices_5,
          ontoclasm_vaults_decontamination, nicolae_vaults_three_branches,
          v_alt_pattern_6, nicolae_vaults_network_square,
          nicolae_vaults_network_s, nicolae_vaults_wrenched, v_rooms_4,
          nicolae_vaults_theta, layout_vaults_big_room
Vaults:3: portal_desolation_entry_ruin, v_misc_15, vaults_room_stairs_pillars,
          v_alt_pattern_2, nicolae_vaults_network_star, nicolae_vaults_six-pack,
          nicolae_vaults_theta, nicolae_vaults_tangram_2,
          nicolae_vaults_triangles, st_cross,
          nicolae_vaults_variable_pillar_hall, nicolae_vaults_sesquioval_fish,
          nicolae_vaults_house_1, layout_vaults_ring, serial_shops, shop
Vaults:4: vaults_mumra_chevron, nicolae_vaults_shrinking_rooms_2,
          nicolae_vaults_network_barrier, v_alt_pattern_2,
          nicolae_vaults_sesquioval_fish, nicolae_vaults_little_squares_1,
          grunt_vaults_focal, hangedman_vaults_slice, hangedman_vaults_stream,
          nicolae_vaults_trapezoid_lopsided_1, layout_vaults_omnicross,
          serial_shops, shop, uniq_frederick
Vaults:5: uniq_mennas, uniq_mara, uniq_margery
Depths:1: layout_gridville, lightli_too_deep, drop_trap,
          minmay_mirror_moons_of_madness
Depths:2: grunt_deathspiral_large, layout_gridville, grunt_hell_entry_dis_mu,
          pan_entry, uniq_grunn
Depths:3: minmay_octagon_keep, layout_honeycomb, enter_ziggurat_b, hell_entry,
          serial_shops, shop, shop, nicolae_square_shop,
          nicolae_shop_tiny_glass, infiniplex_enter_wizlab_glasses,
          kennysheep_another_room, minmay_room_of_horrors, minmay_shop_grove
Depths:4: grunt_runaround [grunt_runaround_zot, grunt_runaround_doors_1,
          grunt_runaround_doors_2, grunt_runaround_doors_3,
          grunt_runaround_doors_4], hell_entry, serial_shops

Skill      XL: |  1  2  3  4  5  6  7  8  9 10 11 12 13 14 15 16 17 18 19 20 21 22 23 24 25 |
---------------+----------------------------------------------------------------------------+-----
Stealth        | 2 3 4 5 |  5.0
Fire Magic     | 3 4 5 6 8 9 10 11 12 13 14 15 16 | 16.5
Dodging        | 2 3 4 5 6 7 |  7.4
Conjurations   | 2 3 4 5 6 8 9 11 12 14 15 16 17 18 19 | 19.0
Spellcasting   | 3 4 5 6 8 9 11 12 13 14 15 16 17 18 19 20 21 22 | 22.2
Armour         | 1 2 3 4 5 6 7 |  7.4
Maces & Flails | 1 3 4 5 |  5.4
Fighting       | 1 2 3 4 6 |  6.5
Earth Magic    | 1 4 5 7 8 10 11 12 13 14 | 14.0
Shields        | 1 2 3 4 6 8 15 17 | 17.5
Alchemy        | 1 2 |  2.0
Air Magic      | 1 |  1.3
Unarmed Combat | |  0.8
Evocations     | |  0.9

Action                     |  1- 3 |  4- 6 |  7- 9 | 10-12 | 13-15 | 16-18 | 19-21 | 22-24 | 25-27 || total
---------------------------+-------+-------+-------+-------+-------+-------+-------+-------+-------++-------
  Melee: Unarmed           |    48 |     7 |       |       |       |       |       |       |       ||    55
         Flail             |       |    13 |    45 |    85 |    96 |     9 |     1 |     7 |       ||   256
   Cast: Foxfire           |    59 |   105 |   176 |   272 |   637 |   442 |    65 |   103 |       ||  1859
         Scorch            |     2 |    40 |    89 |    54 |     5 |     2 |     5 |     3 |       ||   200
         Stone Arrow       |       |       |       |   163 |   368 |   682 |   343 |  1192 |    78 ||  2826
         Flame Wave        |       |       |       |    18 |    48 |    18 |    19 |    36 |     1 ||   140
         Mephitic Cloud    |       |       |       |     2 |    15 |     2 |     5 |     1 |       ||    25
         Fireball          |       |       |       |       |    65 |   114 |    44 |   110 |    14 ||   347
         Lee's Rapid Decon |       |       |       |       |       |     6 |       |       |       ||     6
         Ignition          |       |       |       |       |       |       |    22 |    65 |     5 ||    92
  Evoke: Wand              |       |       |     3 |     2 |     2 |     4 |       |     1 |       ||    12
    Use: Potion            |       |     1 |       |     2 |     2 |     7 |     5 |     8 |     3 ||    28
         Scroll            |       |       |     9 |    15 |    12 |    15 |     3 |    12 |     2 ||    68
   Stab: Paralysed         |     1 |     7 |     9 |    13 |       |     1 |     1 |     1 |       ||    33
         Sleeping          |       |     1 |       |       |     3 |       |       |       |       ||     4
         Confused          |       |       |       |       |     2 |       |       |       |       ||     2
 Armour: Robe              |    21 |       |       |       |       |       |       |       |       ||    21
         Leather armour    |     2 |    21 |       |       |       |       |       |       |       ||    23
         Troll leather arm |       |       |    32 |       |       |       |       |       |       ||    32
         Acid dragon scale |       |       |    43 |   212 |   321 |   245 |   120 |   313 |       ||  1254
         Quicksilver drago |       |       |       |       |       |       |       |    33 |    32 ||    65
  Dodge: Dodged            |    31 |    15 |    36 |    99 |   303 |   226 |    93 |   412 |    32 ||  1247
  Block: Buckler           |       |     1 |    12 |    39 |    93 |     3 |       |       |       ||   148
         Kite shield       |       |       |       |       |       |   169 |   104 |   450 |    40 ||   763
         Reflection        |       |       |       |       |       |    45 |    44 |    49 |       ||   138

Table legend: (Time is in decaauts)
 A = Elapsed time spent in this place.
 B = Non-inter-level travel time spent in this place.
 C = Inter-level travel time spent in this place.
 D = Time resting spent in this place.
 E = Time spent auto-exploring this place.
 F = Levels seen in this place.
 G = Mean time per level.
                   A        B        C        D        E       F      G
               +--------+--------+--------+--------+--------+-----+--------+
         Total |  77506 |  73444 |   4062 |  14546 |  46146 |  46 | 1684.9 |
       Dungeon |  24448 |  22854 |   1594 |   5013 |  14546 |  15 | 1629.9 |
        Temple |     32 |      1 |     31 |      0 |      0 |   1 |   32.0 |
          Lair |   7096 |   6693 |    403 |    378 |   5174 |   5 | 1419.2 |
        Shoals |   5767 |   5503 |    264 |    831 |   3780 |   4 | 1441.8 |
     Snake Pit |   9132 |   8641 |    491 |   2046 |   5144 |   4 | 2283.0 |
  Orcish Mines |   2605 |   2472 |    133 |    918 |   1088 |   2 | 1302.5 |
   Elven Halls |   6610 |   6314 |    296 |   1833 |   3421 |   3 | 2203.3 |
        Vaults |  10472 |  10071 |    401 |   2038 |   6266 |   5 | 2094.4 |
        Depths |   8283 |   7838 |    445 |    954 |   5352 |   4 | 2070.8 |
      Ice Cave |    878 |    878 |      0 |    154 |    487 |   1 |  878.0 |
        Wizlab |   1025 |   1025 |      0 |    208 |    329 |   1 | 1025.0 |
    Desolation |   1153 |   1153 |      0 |    172 |    554 |   1 | 1153.0 |
               +--------+--------+--------+--------+--------+-----+--------+

Top non-repeatable levels by time:
Depths:4: 3269 daAuts
 Snake:4: 2745 daAuts
   Elf:3: 2610 daAuts
Vaults:4: 2566 daAuts
   Elf:2: 2542 daAuts
Depths:2: 2466 daAuts
Vaults:2: 2447 daAuts
    D:15: 2391 daAuts
    D:11: 2230 daAuts
 Snake:3: 2211 daAuts
    D:12: 2194 daAuts
Vaults:1: 2181 daAuts
 Snake:2: 2139 daAuts
   Orc:2: 2050 daAuts
 Snake:1: 2036 daAuts
